 Dungeon Crawl Stone Soup version 0.29-a0-369-gd956c00756 (webtiles) character file.

Game seed: 15821812323910431774

135221 Shayle the Cruncher (level 17, 0/104 HPs)
             Began as a Tengu Brigand on May 1, 2022.
             Was the Champion of Cheibriados.
             Slain by a catoblepas (3 damage)
             ... led by Polyphemus
             ... while petrified by a catoblepas
             ... on level 2 of the Shoals.
             The game lasted 03:04:16 (38178 turns).

Shayle the Cruncher (Tengu Brigand)                Turns: 38178, Time: 03:04:16

Health: 0/104      AC: 10    Str: 34    XL:     17   Next: 18%
Magic:  0/31       EV:  2    Int: 33    God:    Cheibriados [******]
Gold:   2142       SH:  0    Dex: 31    Spells: 3/35 levels left

rFire   . . .      SeeInvis .   q - staff of conjuration
rCold   . . .      Faith    .   z - +3 kite shield {reflect}
rNeg    + + +      Spirit   +   k - +0 ring mail
rPois   ∞          Reflect  +   (helmet restricted)
rElec   .          Harm     .   c - +2 cloak
rCorr   +          Rampage  .   I - +1 Delatra's gloves {ID++}
Will    +....                   (boots unavailable)
Stlth   +++.......              C - amulet of guardian spirit
HPRegen 0.27/turn               A - ring of resist corrosion
MPRegen 0.22/turn               V - +6 ring of strength

@: petrified, flying quickly and evasively, very slow
A: beak, talons 3, nimble flight
a: Renounce Religion, Bend Time, Temporal Distortion, Slouch, Step From Time


You were on level 2 of the Shoals.
You worshipped Cheibriados.
Cheibriados was exalted by your worship.
You visited 5 branches of the dungeon, and saw 27 of its levels.
You also visited: Gauntlet.

You collected 2740 gold pieces.
You spent 598 gold pieces at shops.

Inventory:

Hand Weapons
 j - the +11 long sword of the Dwarven Hall {venom, rF+ rC+ Str-5}
   (You took it off a minotaur in a Gauntlet)

   It poisons the flesh of those it strikes.
   Str:       It affects your strength (-5).
   rF:        It protects you from fire.
   rC:        It protects you from cold.
 E - the +10 dagger "Geqel" {drain, SInv}
   (You found it on level 5 of the Dungeon)

   A truly terrible weapon, it drains the life of any living foe it strikes.
   SInv:      It lets you see invisible.
Missiles
 d - 24 poisoned darts (quivered)
 e - 8 curare-tipped darts
 B - 3 throwing nets
Armour
 c - a +2 cloak (worn)
 k - a +0 ring mail (worn)
 y - the +3 ring mail of the Trout {rF+ rN++ Str-4 Int+4}
   (You found it on level 3 of the Shoals)

   Str:       It affects your strength (-4).
   Int:       It affects your intelligence (+4).
   rF:        It protects you from fire.
   rN:        It greatly protects you from negative energy.
 z - a +3 kite shield of reflection (worn)
 I - the +1 Delatra's gloves (worn) {ID++}
   (You found it on level 6 of the Dungeon)

   It heals its wearer when they drink unknown potions.
   It restores its wearer's MP when they read unknown scrolls.
Magical Staves
 q - a staff of conjuration (weapon)
Jewellery
 h - an amulet of regeneration
 o - a ring of ice
 A - a ring of resist corrosion (left hand)
 C - an amulet of guardian spirit (around neck)
 N - a ring of ice
 R - a ring of wizardry
 T - a ring of protection from fire
 U - a ring of willpower
 V - a +6 ring of strength (right hand)
Wands
 a - a wand of polymorph (4)
 u - a wand of mindburst (3)
 x - a wand of flame (71)
 J - a wand of iceblast (11)
Scrolls
 b - 5 scrolls of enchant weapon
 f - a scroll of blinking
 s - 2 scrolls of torment
 v - a scroll of silence
 w - a scroll of magic mapping
 D - 3 scrolls of teleportation
 G - 5 scrolls of fog
 P - 12 scrolls of identify
Potions
 g - 5 potions of curing
 i - a potion of berserk rage {unknown}
 l - a potion of attraction {unknown}
 m - 2 potions of brilliance
 n - 6 potions of lignification
 p - 6 potions of cancellation
 t - a potion of magic
 S - 2 potions of resistance
 X - 4 potions of mutation {unknown}
Miscellaneous
 r - a phantom mirror


   Skills:
 - Level 11.5 Fighting
 - Level 2.1 Short Blades
 - Level 12.0 Staves
 - Level 2.0 Throwing
 - Level 6.5 Dodging
 - Level 4.0 Stealth
 - Level 10.7 Shields
 + Level 9.5 Spellcasting
 - Level 11.2 Conjurations
 - Level 4.0 Necromancy
 + Level 8.7 Transmutations
 + Level 7.3 Earth Magic
 + Level 4.2 Poison Magic
 - Level 8.5 Invocations
 - Level 9.5 Evocations


You had 3 spell levels left.
You knew the following spells:

 Your Spells              Type           Power      Damage    Failure   Level
a - Beastly Appendage     Tmut           100%       N/A       1%          1
b - Vampiric Draining     Necr           42%        2d9       4%          3
c - Statue Form           Tmut/Erth      41%        N/A       45%         6
d - Mephitic Cloud        Conj/Pois/Air  65%        N/A       3%          3
e - Ignite Poison         Fire/Tmut/Pois 44%        N/A       4%          3
f - Irradiate             Conj/Tmut      44%        3d28      4%          5
g - Orb of Destruction    Conj           47%        9d12      58%         7
h - Olgreb's Toxic Radia  Pois           43%        N/A       16%         4

Your spell library contained the following spells:

 Spells                   Type           Power      Damage    Failure   Level
 Animate Skeleton         Necr           84%        N/A       1%          1
 Foxfire                  Conj/Fire      100%       2x1d9     1%          1
 Magic Dart               Conj           100%       1d8       1%          1
 Pain                     Necr           100%       1d9       1%          1
 Shock                    Conj/Air       100%       1d9       1%          1
 Sting                    Tmut/Pois      100%       1d8       1%          1
 Wereblood                Tmut           65%        N/A       1%          2
 Spider Form              Tmut/Pois      55%        N/A       1%          3
 Conjure Flame            Conj/Fire      68%        6-21      2%          3
 Dazzling Flash           Conj/Hex       100%       N/A       2%          3
 Poisonous Vapours        Pois/Air       58%        N/A       5%          2
 Call Imp                 Summ           15%        N/A       14%         2
 Tukima's Dance           Hex            15%        N/A       26%         3
 Petrify                  Tmut/Erth      62%        N/A       3%          4
 Sticky Flame             Conj/Fire      68%        2d8       9%          4
 Anguish                  Hex/Necr       14%        N/A       36%         4
 Agony                    Necr           42%        N/A       43%         5
 Cause Fear               Hex            7%         N/A       65%         4
 Summon Ice Beast         Ice/Summ       15%        N/A       65%         4
 Eringya's Noxious Bog    Tmut/Pois      27%        N/A       67%         6
 Conjure Ball Lightning   Conj/Air       34%        3x3d11    80%         6
 Starburst                Conj/Fire      34%        6d10      80%         6
 Dragon Form              Tmut           32%        N/A       91%         7
 Metabolic Englaciation   Hex/Ice        7%         N/A       94%         5
 Silence                  Hex/Air        7%         N/A       94%         5
 Summon Forest            Summ/Tloc      7%         N/A       94%         5
 Summon Mana Viper        Hex/Summ       15%        N/A       94%         5
 Enfeeble                 Hex            7%         N/A       100%        7
 Monstrous Menagerie      Summ           7%         N/A       100%        7
 Summon Hydra             Summ           7%         N/A       100%        7
 Discord                  Hex            7%         N/A       100%        8
 Disjunction              Tloc           7%         N/A       100%        8
 Chain Lightning          Conj/Air       34%        3d45      100%        9
 Dragon's Call            Summ           7%         N/A       100%        9


Dungeon Overview and Level Annotations

Branches:
Dungeon (15/15)            Temple (1/1) D:7            Lair (6/6) D:9
 Shoals (3/4) Lair:3        Snake (0/4) Lair:4        Slime (0/5) Lair:5
    Orc (2/2) D:11            Elf (0/3) Orc:2        Vaults (0/5) D:13
 Depths (0/4) D:15        Gauntlet (visited)

Altars:
Cheibriados
Elyvilon
Fedhas
Hepliaklqana
Makhleb
Qazlal
Ru
Trog
Uskayaw
Wu Jian
Yredelemnul
Beogh
Jiyva

Shops:
D:4 [   D:6 ([(   D:14 :   Orc:1 *((:=   Orc:2 [*[[   Shoals:1 :

Portals:
Abyss: D:7

Annotations:
D:5 Menkaure
D:7 2 transporters, jlumianski's ghost, novice DrFi
Lair:3 1 runed translucent door


Innate Abilities, Weirdness & Mutations

You have a beak for a mouth.
You have claws for feet.
Your magical nature lets you fly swiftly and evasively.


Message History

Items here: ! $ ) [.
Unknown command.
Casting: Mephitic Cloud (mildly dangerous; 3% risk of failure)
Confirm with . or Enter, or press ? or * to list all spells.
Aiming: Mephitic Cloud (mildly dangerous; 3% risk of failure)
Press: ? - help, Shift-Dir - straight line, p - plant You feel a surge of power!
The ball explodes into a vile cloud!
The stinking cloud engulfs the plant but does no damage.
The stinking cloud engulfs the catoblepas but does no damage.
The catoblepas gores you!!
Unknown command.
Unknown command.
The catoblepas attacks as you move away!
The catoblepas barely misses you.
The catoblepas breathes a plume of calcifying dust at you.
The blast of calcifying dust hits you.
Unknown command.
The catoblepas breathes a plume of calcifying dust at you.
The blast of calcifying dust hits you.
Unknown command.
The catoblepas breathes a plume of calcifying dust at you.
The blast of calcifying dust hits you.
There is a stone staircase leading up here.
Unknown command.
You are engulfed in calcifying dust.
You are slowing down.
The catoblepas gores you!!
You fly upwards.
You have turned to stone.
The catoblepas gores you!!
The catoblepas gores you but does no damage.
The catoblepas gores you!!
* * * LOW HITPOINT WARNING * * *
The catoblepas gores you!!
* * * LOW HITPOINT WARNING * * *
The catoblepas gores you!!
* * * LOW HITPOINT WARNING * * *
The catoblepas gores you!
* * * LOW HITPOINT WARNING * * *
The catoblepas gores you.
You die...

.≈≈≈..≈...≈..≈≈≈≈≈≈≈≈≈≈≈≈≈≈≈≈≈≈≈≈
.....≈≈≈≈≈...≈≈≈..≈≈≈≈≈.##≈≈.≈≈≈≈
≈.....≈≈≈≈≈..≈≈≈......≈##..)≈≈≈.≈
.......≈≈≈≈...≈≈≈...≈.....>.≈≈≈≈≈
#.....≈≈≈≈≈≈≈.≈≈≈≈..........≈≈≈≈≈
(....≈≈≈≈≈≈≈≈≈≈≈........≈≈.....≈.
.....≈≈≈≈≈≈≈≈≈≈≈≈.......≈..###...
..#....≈≈≈≈≈≈..≈≈Y.........###..≈
#.##..≈≈≈≈≈≈≈...@###..≈.≈≈.##...≈
#....≈≈≈≈≈.......# ##..≈≈........
..^.≈≈≈≈≈≈.......## ##..≈.......≈
..≈≈≈≈≈≈≈..######.## #..≈≈≈...≈≈≈
≈≈≈≈≈≈≈≈≈..# ##.###..≈≈≈≈≈≈≈≈≈
..≈≈≈≈≈≈≈..# ##.....≈≈≈≈≈≈≈≈≈≈
..≈≈≈≈≈≈...# ##...≈≈≈≈≈≈≈≈≈≈≈≈≈
.≈≈≈≈≈≈≈.#######..≈≈≈≈≈≈≈≈≈≈≈≈≈≈≈
≈≈≈≈≈≈≈≈.# ##...≈≈≈≈≈≈≈≈≈≈≈≈≈≈≈≈≈


You could see a catoblepas.

Vanquished Creatures
  Polyphemus (Shoals:3)
  A minotaur (Gauntlet)
  An ettin (Orc:2)
  A merfolk javelineer (Shoals:2)
  5 merfolk impalers
  A boulder beetle (D:11)
  A fire dragon (D:14)
  Fannar (D:11)
  Harold (D:11)
  2 catoblepae
  4 centaur warriors
  2 hydras
  A merfolk avatar (Shoals:1)
  5 ogre magi
  A death knight (D:11)
  A merfolk aquamancer (Shoals:2)
  16 two-headed ogres
  A satyr (Shoals:3)
  4 tengu warriors (D:13)
  22 death yaks
  Sonja (Orc:1)
  Nergalle (Lair:3)
  A fire crab (Gauntlet)
  8 sea snakes
  4 skeletal warriors
  Lodul (D:10)
  3 goliath frogs
  Pikel (D:7)
  A necromancer (D:15)
  8 fauns
  6 cyclopes
  3 oklob plants
  9 ugly things
  9 manticores
  7 elephants
  5 merfolk sirens
  A torpor snail (Gauntlet)
  29 cane toads
  2 water nymphs (Shoals:3)
  4 black mambas
  A gargoyle (D:13)
  Maggie (D:8)
  An unseen horror (D:6)
  Psyche (D:9)
  A kobold demonologist (D:8)
  7 komodo dragons
  A freezing wraith (D:12)
  2 rime drakes
  11 merfolk
  4 tengu conjurers
  11 trolls
  2 tyrant leeches (Lair:6)
  5 meliai
  3 wind drakes
  5 polar bears
  5 slime creatures (D:12)
  9 dream sheep
  3 snapping turtles
  17 blink frogs
  Sigmund (D:2)
  3 shadows
  3 wyverns
  3 vampires
  A water elemental (Shoals:3)
  74 yaks
  2 wraiths
  A spriggan (shapeshifter) (D:15)
  4 fire bats (Gauntlet)
  Grum (D:8)
  21 vampire mosquitoes
  3 basilisks
  A steam dragon (D:10)
  2 acid dragons
  23 water moccasins
  Duvessa (D:7)
  3 black bears
  2 sky beasts
  A meliai simulacrum (D:15)
  An ice beast (D:9)
  22 orc warriors
  31 ogres
  3 centaurs
  9 wolves
  A lemure (D:6)
  2 phantoms (D:6)
  2 kobold brigands
  A necrophage (D:6)
  A gnoll sergeant (D:9)
  26 bullfrogs
  4 scorpions
  5 wights (D:7)
  Dowan (D:7)
  3 killer bees (D:9)
  3 howler monkeys
  4 electric eels
  3 hounds
  A jelly (D:7)
  21 orc priests
  Jessica (D:2)
  4 iguanas
  22 orc wizards
  2 centaur simulacra
  Robin (D:2)
  12 gnolls
  6 adders
  2 shadow imps
  A white imp (D:9)
  2 worms
  A dart slug (D:3)
  73 orcs
  6 ball pythons
  3 endoplasms
  2 giant cockroaches
  11 goblins
  8 hobgoblins
  15 kobolds
  4 quokkas
  5 bats
  2 frilled lizards
  3 rats
746 creatures vanquished.

Vanquished Creatures (collateral kills)
  Rupert (Lair:4)
  An orc warlord (Orc:2)
  A tengu warrior (D:13)
  A troll (Orc:2)
  2 yaks (Gauntlet)
  A water moccasin (Lair:4)
  4 nagas (Lair:4)
  An orc warrior (Orc:2)
  A bullfrog (D:8)
  2 orc priests (Orc:2)
  An orc wizard (Orc:2)
  3 orcs (Orc:2)
19 creatures vanquished.

Vanquished Creatures (others)
  4 two-headed ogres
  A yak (Gauntlet)
  A naga (Lair:4)
  An ogre (D:10)
  A bush (Lair:6)
  14 demonic plants (Gauntlet)
  59 fungi
  235 plants
316 creatures vanquished.

Grand Total: 1081 creatures vanquished

Notes
Turn   | Place    | Note
-------+----------+-------------------------------------------
     0 | D:1      | Shayle the Tengu Brigand began the quest for the Orb.
     0 | D:1      | Reached XP level 1. HP: 12/12 MP: 2/2
    53 | D:1      | Found a faded altar of an unknown god.
    61 | D:1      | Prayed at the altar of an unknown god.
    61 | D:1      | Became a worshipper of Cheibriados the Contemplative
    61 | D:1      | Reached * piety under Cheibriados
   421 | D:1      | Reached XP level 2. HP: 17/17 MP: 3/3
  1195 | D:2      | Noticed Jessica
  1204 | D:1      | Reached skill level 1 in Invocations
  1245 | D:2      | Killed Jessica
  1246 | D:2      | Reached XP level 3. HP: 20/22 MP: 3/5
  1423 | D:2      | Noticed Sigmund
  1429 | D:2      | Reached ** piety under Cheibriados
  1435 | D:2      | Killed Sigmund
  1436 | D:2      | Reached XP level 4. HP: 21/29 MP: 6/6
  1436 | D:2      | Gained mutation: Your magical nature lets you fly swiftly
                  | and evasively. [Tengu growth]
  1436 | D:2      | Reached XP level 5. HP: 24/33 MP: 7/7
  1536 | D:2      | Reached XP level 6. HP: 32/38 MP: 7/9
  1910 | D:2      | Noticed Robin
  1936 | D:2      | Killed Robin
  2216 | D:2      | Reached *** piety under Cheibriados
  2236 | D:3      | Found an ornate altar of the Wu Jian Council.
  2610 | D:3      | Found a hide-covered altar of Uskayaw.
  2690 | D:3      | Found a sacrificial altar of Ru.
  3200 | D:4      | Reached skill level 1 in Staves
  3200 | D:4      | Reached skill level 1 in Conjurations
  3225 | D:4      | Found Law Loyrgh's Armour Shop.
  3241 | D:4      | Bought a +0 kite shield of reflection for 85 gold pieces
  3251 | D:4      | Reached skill level 1 in Evocations
  3270 | D:4      | Reached XP level 7. HP: 43/43 MP: 10/10
  3699 | D:5      | Entered Level 5 of the Dungeon
  3700 | D:5      | Identified the +10 dagger "Geqel" {drain, SInv}
  3799 | D:5      | Reached **** piety under Cheibriados
  3967 | D:5      | Noticed Menkaure
  3990 | D:5      | Reached skill level 2 in Staves
  3990 | D:5      | Reached skill level 1 in Shields
  4102 | D:6      | Found a hazy altar of Hepliaklqana.
  4105 | D:6      | Found a basalt altar of Yredelemnul.
  4112 | D:6      | Found a blossoming altar of Fedhas.
  4114 | D:6      | Found a burning altar of Makhleb.
  4115 | D:6      | Found a white marble altar of Elyvilon.
  4118 | D:6      | Found a bloodstained altar of Trog.
  4124 | D:6      | Found a stormy altar of Qazlal.
  4208 | D:6      | Reached XP level 8. HP: 48/48 MP: 11/11
  4238 | D:6      | Found Ymasch's Antique Armour Boutique.
  4244 | D:6      | Found Jene's Antique Weapon Emporium.
  4258 | D:6      | Found the +1 Delatra's gloves {ID++}
  4415 | D:6      | Reached skill level 3 in Staves
  4415 | D:6      | Reached skill level 5 in Dodging
  4592 | D:6      | Reached skill level 5 in Fighting
  4720 | D:6      | Found Vuwessir's Weapon Emporium.
  4828 | D:7      | Noticed an unseen horror
  4854 | D:6      | Killed an unseen horror
  4855 | D:6      | Reached XP level 9. HP: 29/54 MP: 8/13
  5121 | D:7      | Found a staircase to the Ecumenical Temple.
  5169 | D:7      | Reached skill level 4 in Staves
  5179 | Temple   | Entered the Ecumenical Temple
  5188 | D:7      | Reached ***** piety under Cheibriados
  5313 | D:7      | Noticed Duvessa
  5314 | D:7      | Noticed Dowan
  5321 | D:7      | Killed Duvessa
  5322 | D:7      | Reached skill level 5 in Conjurations
  5334 | D:7      | Noticed Pikel
  5348 | D:6      | Noticed a troll
  5359 | D:6      | Killed a troll
  5569 | D:7      | Killed Pikel
  5576 | D:7      | Killed Dowan
  5672 | D:7      | Reached skill level 5 in Invocations
  5751 | D:7      | Found a one-way gate to the infinite horrors of the Abyss.
  5751 | D:7      | Noticed jlumianski's ghost (novice DrFi)
  5754 | D:7      | Noticed a red ugly thing
  5768 | D:7      | Found a transporter.
  5792 | D:7      | Reached XP level 10. HP: 47/60 MP: 11/14
  5796 | D:7      | Reached skill level 5 in Staves
  6007 | D:7      | Found a transporter.
  6495 | D:8      | Noticed Maggie
  6652 | D:8      | Noticed Grum
  6667 | D:8      | Killed Grum
  6861 | D:8      | Killed Maggie
  6862 | D:8      | Reached skill level 5 in Evocations
  6869 | D:8      | Noticed a kobold demonologist
  6878 | D:8      | Killed a kobold demonologist
  6936 | D:8      | Reached skill level 5 in Shields
  7434 | D:9      | Reached skill level 6 in Staves
  7543 | D:9      | Reached XP level 11. HP: 61/67 MP: 14/16
  7662 | D:9      | Noticed Psyche
  7666 | D:9      | Killed Psyche
  7840 | D:9      | Found a staircase to the Lair.
  8124 | D:10     | Entered Level 10 of the Dungeon
  8358 | D:10     | Noticed Lodul
  8376 | D:10     | Noticed a two-headed ogre
  8383 | D:10     | Noticed a two-headed ogre
  8384 | D:10     | Noticed a two-headed ogre
  8390 | D:10     | Noticed a two-headed ogre
  8401 | D:10     | Killed a two-headed ogre
  8402 | D:10     | Reached skill level 7 in Staves
  8418 | D:10     | Killed Lodul
  9576 | D:11     | Identified the +9 flail of Remnacef {drain, *Slow Fly rCorr
                  | Int-3}
  9587 | D:11     | Noticed Harold
  9591 | D:11     | Noticed a cyclops
  9599 | D:11     | Killed Harold
  9602 | D:11     | Killed a cyclops
  9603 | D:11     | Reached XP level 12. HP: 45/74 MP: 9/18
  9725 | D:11     | Found a staircase to the Orcish Mines.
  9733 | D:11     | Reached skill level 8 in Staves
  9886 | D:11     | Noticed a boulder beetle
  9898 | D:11     | Killed a boulder beetle
 10181 | D:11     | Noticed a two-headed ogre
 10188 | D:11     | Killed a two-headed ogre
 10336 | D:11     | Noticed Fannar
 10349 | D:11     | Killed Fannar
 10673 | D:11     | Noticed a death knight
 10689 | D:11     | Killed a death knight
 10690 | D:11     | Reached skill level 10 in Conjurations
 11123 | Lair:1   | Entered Level 1 of the Lair of Beasts
 11179 | Lair:1   | Found a gate leading to a gauntlet.
 11197 | Gauntlet | Entered a Gauntlet
 11197 | Gauntlet | Noticed a hell beast
 11197 | Gauntlet | Found a transporter.
 11197 | Gauntlet | Found a transporter.
 11198 | Gauntlet | Found a transporter.
 11201 | Gauntlet | Found a transporter.
 11201 | Gauntlet | Found a transporter.
 11211 | Gauntlet | Found a transporter.
 11211 | Gauntlet | Noticed a great orb of eyes
 11264 | Gauntlet | Found a transporter.
 11270 | Gauntlet | Found a transporter.
 11278 | Gauntlet | Found a transporter.
 11295 | Gauntlet | Found a transporter.
 11305 | Gauntlet | Found a transporter.
 11326 | Gauntlet | Found a transporter.
 11998 | Gauntlet | Identified the +11 long sword of the Dwarven Hall {venom,
                  | rF+ rC+ Str-5}
 11998 | Gauntlet | Noticed a minotaur
 12043 | Gauntlet | Killed a minotaur
 12110 | Lair:1   | Reached skill level 9 in Staves
 12234 | Lair:1   | Reached XP level 13. HP: 29/80 MP: 20/20
 13726 | Lair:2   | Learned a level 1 spell: Beastly Appendage
 13730 | Lair:2   | Learned a level 3 spell: Vampiric Draining
 14054 | Lair:2   | Reached skill level 1 in Necromancy
 14560 | Lair:2   | Reached skill level 1 in Spellcasting
 14650 | Lair:3   | Found a runed translucent door.
 14655 | Lair:3   | Reached ****** piety under Cheibriados
 14656 | Lair:3   | Reached skill level 1 in Transmutations
 14778 | Lair:3   | Noticed Nergalle
 14804 | Lair:3   | Killed Nergalle
 15491 | Lair:3   | You are sucked into a shaft and drop 1 floor!
 15493 | Lair:4   | Noticed Rupert
 15691 | Lair:3   | Reached skill level 10 in Staves
 15715 | Lair:3   | Reached skill level 10 in Fighting
 15750 | Lair:3   | Found a staircase to the Shoals.
 16366 | Lair:4   | Killed Rupert
 16700 | Lair:4   | Reached XP level 14. HP: 55/88 MP: 13/21
 17208 | Lair:4   | Found a staircase to the Snake Pit.
 17943 | Lair:4   | Learned a level 6 spell: Statue Form
 18564 | Lair:5   | Reached skill level 1 in Earth Magic
 18593 | Lair:5   | Found a staircase to the Slime Pits.
 18594 | Lair:5   | Found a viscous altar of Jiyva.
 19040 | Lair:6   | Entered Level 6 of the Lair of Beasts
 19395 | Lair:5   | Reached skill level 11 in Staves
 20399 | D:12     | Reached skill level 10 in Shields
 21579 | D:13     | Found a gate to the Vaults.
 21953 | D:13     | Reached XP level 15. HP: 65/94 MP: 19/23
 22943 | Lair:5   | Reached skill level 5 in Spellcasting
 23796 | Lair:6   | Reached skill level 5 in Transmutations
 26081 | D:13     | Reached skill level 12 in Staves
 27160 | D:13     | Learned a level 3 spell: Mephitic Cloud
 28050 | D:14     | Found Johesats's Book Boutique.
 28068 | D:14     | You are sucked into a shaft and drop 1 floor!
 28068 | D:15     | Entered Level 15 of the Dungeon
 28204 | D:15     | Reached XP level 16. HP: 82/100 MP: 27/27
 28222 | D:15     | Reached skill level 5 in Earth Magic
 28437 | Orc:1    | Entered Level 1 of the Orcish Mines
 28671 | Orc:1    | Found Qenueh's Jewellery Emporium.
 28699 | Orc:1    | Found Unastyme's Book Shop.
 28758 | Orc:1    | Found Byotetek's Weapon Emporium.
 28840 | Orc:1    | Found Opnoiwar's Weapon Boutique.
 28853 | Orc:1    | Noticed Sonja
 28863 | Orc:1    | Killed Sonja
 29041 | Orc:1    | Found Evenie's Assorted Antiques.
 29045 | Orc:1    | Bought a scroll labelled BOTOACH VEMAQIT for 25 gold pieces
 29321 | Orc:2    | Entered Level 2 of the Orcish Mines
 29393 | Orc:2    | Learned a level 3 spell: Ignite Poison
 29930 | Orc:2    | Found a staircase to the Elven Halls.
 30564 | Orc:2    | Found Jokeses's Armour Boutique.
 30564 | Orc:2    | Found Ummuor Ogun's Antique Armour Shoppe.
 30565 | Orc:2    | Found Dakeckio's Armour Emporium.
 30565 | Orc:2    | Found Vanitol's Assorted Antiques.
 30578 | Orc:2    | Bought a wand of mindburst (5) for 108 gold pieces
 30579 | Orc:2    | Acquired Sif Muna's Volume of Creative Arcane Weapons
 31542 | Shoals:1 | Entered Level 1 of the Shoals
 31542 | Shoals:1 | Found Ceturiluo's Book Boutique.
 31551 | Lair:3   | Learned a level 5 spell: Irradiate
 31559 | Lair:3   | Learned a level 7 spell: Orb of Destruction
 32638 | D:14     | Bought a Young Poisoner's Handbook for 380 gold pieces
 32643 | D:14     | Learned a level 4 spell: Olgreb's Toxic Radiance
 33048 | Shoals:1 | Reached skill level 1 in Poison Magic
 35904 | Shoals:3 | Noticed Polyphemus
 36708 | Shoals:2 | Reached XP level 17. HP: 43/104 MP: 3/31
 37481 | Shoals:3 | Identified the +7 fustibalus "Paroadis" {vorpal, Fragile
                  | Str+4 Dex+2}
 37981 | Shoals:3 | Identified the +3 ring mail of the Trout {rF+ rN++ Str-4
                  | Int+4}
 38021 | Shoals:3 | Killed Polyphemus
 38177 | Shoals:2 | HP: 3/104 [catoblepas[Polyphemus] (4)]
 38178 | Shoals:2 | Slain by a catoblepas

Illustrated notes

Levels and vault maps discovered:
D:1:      lightli_arrival_noodles, layout_loops_corners,
          ebering_ecumenical_altar_mist, minmay_pentomino_q4
D:2:      layout_basic, minmay_statues_item, uniq_robin, uniq_sigmund,
          uniq_jessica
D:3:      layout_basic, nicolae_ru_the_path_less_chosen,
          mainiacjoe_overflow_paths, nicolae_uskayaw_dance_hall,
          roderic_roman_lattice
D:4:      layout_basic, serial_shops, nicolae_shop_hallway_stairs,
          kennysheep_generic_room_13
D:5:      layout_gridville, nemelex_xobeh_ov_fountains_minmay,
          nicolae_shop_sticking_my_neck_out, uniq_menkaure
D:6:      layout_gridville, nicolae_overflow_hallway_of_the_gods, serial_shops,
          nicolae_shop_overgrown_old_shop, nicolae_shop_overgrown_old_shop,
          nicolae_lakefront_shop
D:7:      layout_cave_pools, minmay_temple_entry_butterflies,
          gammafunk_ghost_abyssal_escape, minmay_crystal_water, uniq_duvessa,
          uniq_pikel
D:8:      layout_rooms, uniq_grum, uniq_maggie
D:9:      layout_gridville, lair_entry_dummy, serial_ice, serial_ice_d,
          serial_ice_b, serial_ice_c, serial_ice_g, uniq_psyche
D:10:     layout_layer_cave, uniq_lodul
D:11:     layout_cave_pools, david_orc_5, nicolae_elevator_lobby_asterisk,
          uniq_fannar, uniq_harold
D:12:     layout_irregular_city
D:13:     layout_roguey, david_vaults_2
D:14:     layout_basic, serial_shops, kennysheep_mini, interstate_on_off,
          kennysheep_generic_room_12
D:15:     hangedman_depths_entry_civil_slaughter, layout_basic,
          minmay_misc_feat_more_columns, minivault_13
Temple:   pf_slime_end_temple
Lair:1:   layout_chaotic_city, gauntlet_entry_generic, beast_lair_carwin_3
Lair:2:   layout_hall_layers, serial_bayou_shore_b
Lair:3:   layout_gridlike, elwin_shoals_entry_rooms, pf_torpor_hydra,
          uniq_nergalle
Lair:4:   layout_misc_corridors, minmay_snake_entry_guardpost_medium,
          beast_lair_carwin_11, lemuel_fruit_tree, uniq_rupert
Lair:5:   layout_small_grid, slime_altar_1, infiniplex_staircase_pool_2
Lair:6:   minmay_lair_end_frog_pond, layout_long_grid, serial_bayou_lagoon_b
Shoals:1: layout_shoals, serial_shops, shop, nicolae_shoals_this_corrosion
Shoals:2: layout_shoals
Shoals:3: layout_shoals, regret_index_shoals_crete, uniq_polyphemus
Orc:1:    layout_diamond_mine, serial_shops, shop, nicolae_shop_statue_plus,
          nicolae_shop_bloodbath_and_beyond, shop_statue, nicolae_square_shop,
          uniq_sonja
Orc:2:    st_orc_ogre_mass, layout_diamond_mine, basic_altar, library_closet

Skill      XL: |  1  2  3  4  5  6  7  8  9 10 11 12 13 14 15 16 17 |
---------------+----------------------------------------------------+-----
Invocations    | 1 2 3 4 5 6 7 8 |  8.5
Dodging        | 2 3 4 5 6 |  6.5
Fighting       | 3 4 5 6 7 8 9 10 11 | 11.5
Staves         | 1 2 3 4 6 7 9 10 11 12 | 12.0
Conjurations   | 1 3 4 6 7 9 10 11 | 11.2
Evocations     | 1 2 3 4 5 7 8 9 |  9.5
Shields        | 1 3 4 5 6 8 9 10 | 10.7
Necromancy     | 3 4 |  4.0
Spellcasting   | 2 4 7 9 |  9.5
Transmutations | 2 4 6 8 |  8.7
Earth Magic    | 2 4 7 |  7.3
Poison Magic   | 3 4 |  4.2
Short Blades   | |  2.1
Throwing       | |  2.0
Stealth        | |  4.0

Action                   |  1- 3 |  4- 6 |  7- 9 | 10-12 | 13-15 | 16-18 || total
-------------------------+-------+-------+-------+-------+-------+-------++-------
Melee: Dagger            |    48 |    85 |   146 |   459 |   745 |       ||  1483
       Kick              |    12 |    22 |    46 |   189 |   576 |   168 ||  1013
       Peck              |     5 |    16 |    30 |   112 |   376 |   108 ||   647
       Unarmed           |       |       |    16 |       |       |       ||    16
       Staff             |       |       |       |       |   506 |   365 ||   871
       Long sword        |       |       |       |       |     8 |       ||     8
       Headbutt          |       |       |       |       |       |     2 ||     2
Throw: Dart              |     7 |       |    21 |    23 |    32 |    63 ||   146
       Throwing net      |       |       |       |     2 |     2 |       ||     4
 Cast: Mephitic Cloud    |       |       |       |       |       |    84 ||    84
       Ignite Poison     |       |       |       |       |       |    70 ||    70
       Olgreb's Toxic Ra |       |       |       |       |       |    17 ||    17
       Irradiate         |       |       |       |       |       |     4 ||     4
       Beastly Appendage |       |       |       |       |       |     1 ||     1
Invok: Temporal Distorti |       |       |     1 |     2 |     5 |     1 ||     9
       Slouch            |       |       |       |     9 |    11 |     4 ||    24
       Step From Time    |       |       |       |       |     1 |       ||     1
Evoke: Wand              |       |       |       |    20 |    23 |     8 ||    51
       Phantom mirror    |       |       |       |       |     2 |     1 ||     3
  Use: Scroll            |       |       |     3 |    20 |    10 |    10 ||    43
       Potion            |       |       |     3 |     5 |     7 |     5 ||    20
 Stab: Sleeping          |     3 |     5 |     1 |     6 |    11 |     1 ||    27
       Distracted        |       |     1 |       |       |     1 |       ||     2
       Invisible         |       |       |       |       |     4 |       ||     4
       Petrified         |       |       |       |       |     1 |       ||     1
       Confused          |       |       |       |       |       |    19 ||    19
Armor: Robe              |     2 |       |       |       |       |       ||     2
       Ring mail         |     7 |    25 |    37 |   117 |   151 |    34 ||   371
       Skin              |       |       |     1 |       |       |       ||     1
Dodge: Dodged            |    33 |    55 |   129 |   335 |   634 |   166 ||  1352
Block: Kite shield       |       |     2 |    97 |   379 |   970 |   270 ||  1718
       Reflection        |       |     1 |     5 |     5 |     8 |    41 ||    60

Table legend: (Time is in decaauts)
 A = Elapsed time spent in this place.
 B = Non-inter-level travel time spent in this place.
 C = Inter-level travel time spent in this place.
 D = Time resting spent in this place.
 E = Time spent auto-exploring this place.
 F = Levels seen in this place.
 G = Mean time per level.
                   A        B        C        D        E       F      G
               +--------+--------+--------+--------+--------+-----+--------+
         Total |  50476 |  46022 |   4454 |  13897 |  20303 |  28 | 1802.7 |
       Dungeon |  22988 |  20769 |   2219 |   4768 |  10506 |  15 | 1532.5 |
        Temple |      1 |      1 |      0 |      0 |      0 |   1 |    1.0 |
          Lair |  16084 |  14256 |   1828 |   4704 |   6103 |   6 | 2680.7 |
        Shoals |   6577 |   6332 |    245 |   3061 |   2041 |   3 | 2192.3 |
  Orcish Mines |   3722 |   3561 |    161 |    874 |   1652 |   2 | 1861.0 |
      Gauntlet |   1102 |   1102 |      0 |    489 |      0 |   1 | 1102.0 |
               +--------+--------+--------+--------+--------+-----+--------+

Top non-repeatable levels by time:
Shoals:2: 3868 daAuts
  Lair:3: 3573 daAuts
  Lair:5: 3248 daAuts
    D:13: 3051 daAuts
  Lair:1: 2693 daAuts
    D:10: 2653 daAuts
   Orc:2: 2637 daAuts
  Lair:6: 2493 daAuts
  Lair:4: 2472 daAuts
    D:11: 2319 daAuts
Shoals:1: 2021 daAuts
     D:6: 1714 daAuts
     D:7: 1712 daAuts
     D:9: 1680 daAuts
    D:12: 1676 daAuts
